 Dungeon Crawl Stone Soup version 0.19.1-1-g22dce08 (webtiles) character file.

20 ponk the Skirmisher (level 2, -8/24 HPs)
             Began as a Demonspawn Abyssal Knight on Jan 19, 2017.
             Was a Follower of Lugonu.
             Killed from afar by a white imp (10 damage)
             ... with a puff of frost
             ... summoned by Natasha
             ... on level 2 of the Dungeon.
             The game lasted 00:02:54 (1254 turns).

ponk the Skirmisher (Demonspawn Abyssal Knight)     Turns: 1254, Time: 00:02:55

Health: -8/24      AC:  6    Str: 12    XL:     2   Next: 58%
Magic:  3/3        EV: 10    Int: 13    God:    Lugonu [*.....]
Gold:   45         SH:  0    Dex: 12    Spells: 0 memorised, 1 level left

rFire  . . .     SeeInvis .     a - +1 falchion
rCold  . . .     Gourm    .     e - +0 ring mail
rNeg   . . .     Faith    .     (no shield)
rPois  .         Spirit   .     (no helmet)
rElec  .         Reflect  .     (no cloak)
rCorr  .         Harm     .     b - +0 pair of gloves
MR     .....                    (no boots)
Stlth  ..........               f - amulet of rage
                                (no ring)
                                (no ring)

@: slowed, very slow
A: hooves 1
a: Depart the Abyss, Renounce Religion, Evoke Berserk Rage


You were on level 2 of the Dungeon.
You worshipped Lugonu.
Lugonu was aware of your devotion.
You were not hungry.

You visited 1 branch of the dungeon, and saw 2 of its levels.
You visited the Abyss 1 time.

You collected 45 gold pieces.

Inventory:

Hand Weapons
 a - a +1 falchion (weapon)
Armour
 b - a +0 pair of gloves (worn)
 e - a +0 ring mail (worn)
Jewellery
 f - an amulet of rage (around neck)
Scrolls
 h - a scroll of recharging {unknown}
 i - 2 scrolls of identify {unknown}
 j - a scroll of fear {unknown}
Potions
 g - a potion of ambrosia {unknown}
 l - a potion of brilliance {unknown}
Comestibles
 c - a bread ration
 k - 2 chunks of flesh


   Skills:
 - Level 3.3 Fighting
 + Level 2.4 Long Blades
 - Level 1.8 Armour
 - Level 0.8 Dodging
 - Level 2.6 Invocations


You had one spell level left.
You didn't know any spells.

Dungeon Overview and Level Annotations

Branches:
Dungeon (2/15)

Altars:

Annotations:
D:2 Natasha


Innate Abilities, Weirdness & Mutations

You have large cloven feet.


Message History

Natasha closely misses you.
Natasha casts a spell.
You hit Natasha.
Natasha is severely wounded.
Natasha barely misses you. The white imp misses you.
Natasha drinks a potion.
Natasha is healed!
You hit Natasha. Your kick misses Natasha.
Natasha is lightly wounded.
The white imp hits you. The white imp freezes you.
Natasha stares at you and mumbles some strange words.
You feel as though you will be slow longer.
The white imp barely misses you.
Natasha mumbles some strange words.
The white imp barely misses you. The white imp gestures at you.
The puff of frost hits you!
* * * LOW HITPOINT WARNING * * *
The white imp gestures at you. The puff of frost hits you!
You die...

# ##### #...#
#. #h#.# #.
#5#5.5 #.##
#.#######
#.#.
#.@.....#
#.#.
#######.#####
#.#. #.#...#
#.#. #.#.#.#
#... #.#.#.#
##.. #.#.#.#
#.#
#.#.#.#####.#
#.#.#.......#
#...#########


You could see Natasha and a white imp.

Vanquished Creatures
  A dart slug (D:2)
  A giant cockroach (D:1)
  2 goblins (D:1)
  2 hobgoblins (D:1)
  5 kobolds (D:1)
  3 bats
  2 frilled lizards
  A rat (D:1)
17 creatures vanquished.

Notes
Turn   | Place    | Note
-------+----------+-------------------------------------------
     0 | Abyss:1  | ponk the Demonspawn Abyssal Knight began the quest for the Orb.
     0 | Abyss:1  | Reached XP level 1. HP: 18/18 MP: 2/2
    31 | Abyss:1  | Noticed a golden eye
    56 | Abyss:1  | Found a corrupted altar of Lugonu.
   149 | Abyss:1  | Noticed a wretched star
   150 | D:1      | Escaped the Abyss
   547 | D:1      | Gained mutation: You have large cloven feet. [demonic ancestry]
   547 | D:1      | Reached XP level 2. HP: 21/24 MP: 3/3
  1190 | D:2      | Reached * piety under Lugonu
  1239 | D:2      | Noticed Natasha
  1241 | D:2      | Noticed a crimson imp
  1243 | D:2      | Noticed a crimson imp
  1254 | D:2      | Killed from afar by a white imp

Skill      XL: |  1  2 |
---------------+-------+-----
Long Blades    | 2 |  2.4
Fighting       | |  3.3
Armour         | |  1.8
Dodging        | |  0.8
Invocations    | |  2.6

Action                   || total
-------------------------++-------
Melee: Falchion          ||    61
       Kick              ||    12
Invok: Depart the Abyss  ||     1
  Use: Potion            ||     1
  Eat: Chunk             ||     1
Armor: Ring mail         ||    29
Dodge: Dodged            ||    47
       Rpst.: Falchion   ||    12
